 Dungeon Crawl Stone Soup version 0.29.0-4-gdea44cf6ec (webtiles) character file.

Game seed: 17363948656831242942

24 qw the Chopper (level 3, 0/21 HPs)
             Began as a Tengu Warper on Aug 28, 2022.
             Succumbed to their own poison gas
             ... on level 1 of the Dungeon.
             The game lasted 00:00:07 (1312 turns).

qw the Chopper (Tengu Warper)                       Turns: 1312, Time: 00:00:07

Health: 0/21       AC:  5    Str: 13    XL:     3   Next: 2%
Magic:  7/7        EV: 11    Int: 13    God:
Gold:   41         SH:  0    Dex: 13    Spells: 6/6 levels left

rFire   . . .      SeeInvis .   Y - +0 hand axe
rCold   . . .      Faith    .   (no shield)
rNeg    . . .      Spirit   .   f - +0 ring mail
rPois   .          Reflect  .   (helmet restricted)
rElec   .          Harm     .   (no cloak)
rCorr   .          Rampage  .   (no gloves)
Will    .....                   (boots unavailable)
Stlth   +.........              (no amulet)
HPRegen 0.07/turn               (no ring)
MPRegen 0.10/turn               (no ring)

@: lethally poisoned (0 -> -13)
A: beak, talons 3
a: no special abilities


You were on level 1 of the Dungeon.
You visited 1 branch of the dungeon, and saw 1 of its levels.

You collected 41 gold pieces.


Innate Abilities, Weirdness & Mutations

You have a beak for a mouth.
You have claws for feet.


   Skills:
 - Level 2.0 Fighting
 + Level 3.7 Axes
 - Level 1.0 Throwing
 - Level 1.1 Armour
 - Level 2.1 Dodging
 - Level 2.0 Spellcasting
 - Level 2.4 Translocations


You had 6 spell levels left.
You didn't know any spells.
Your spell library contained the following spells:

 Spells                   Type           Power      Damage    Failure   Level
 Blink                    Tloc           14%        N/A       30%         2
 Gell's Gravitas          Tloc           7%         N/A       52%         3
 Lesser Beckoning         Tloc           7%         N/A       52%         3
 Teleport Other           Tloc           7%         N/A       52%         3
 Manifold Assault         Tloc           7%         N/A       99%         5

Inventory:

Hand Weapons
 e - a +0 whip
 Y - a +0 hand axe (weapon)
Armour
 f - a +0 ring mail (worn)
Potions
 d - a potion of might {unknown}
 g - a potion of curing {unknown}
 h - a potion of lignification {unknown}
 k - a potion of flight {unknown}

Dungeon Overview and Level Annotations

Branches:
Dungeon (1/15)

Altars:

Shops:
D:1 (


Message History

There is an open door here.
Done exploring.
Done exploring.
1296 ||| UPGRADING to +0 ring mail.
You start removing your armour.
You continue taking off your +0 leather armour. x4
You finish taking off your +0 leather armour.
You start putting on your armour.
You continue putting on your +0 ring mail. x5
You finish putting on your +0 ring mail.
1306 ||| DROPPING +0 leather armour.
You drop a +0 leather armour.
Done exploring.
1307 ||| READING scroll labelled JAIVVIABLE.
The air fills with toxic fumes!
As you read the scroll labelled JAIVVIABLE, it crumbles to dust.
It was a scroll of poison.
Done exploring.
1308 ||| READING scroll labelled DUISUSHIUGH.
As you read the scroll labelled DUISUSHIUGH, it crumbles to dust.
It is a scroll of identify.
Really abort (and waste the scroll)?
Done exploring.
1309 ||| DROPPING scroll of blinking.
You drop a scroll of blinking.
Done exploring.
(D) Dungeon
Where to? (* - list waypoints, ? - help)
What level of the Dungeon? (default 1, ? - help) Sorry, I don't know how to get there.
Done exploring.
1310 ||| Stepping randomly (stuck).
Really walk into that cloud of poison gas?
You are engulfed in poison gas.
You are lethally poisoned!
You feel very sick.
1311 ||| Stepping ~*~*~tactically~*~*~ (cloud).
You feel very sick.
Things that are here:
a scroll of blinking; a +0 leather armour
There is a lethal amount of poison in your body!
You die...

#..............#.....###.##
#...####.##....#.....'.....
#...# #..#....#.....###.##
#...# #..#.##.#..^..###.##
#...####¤.#.##.#.....##....
#.....¤¤¤.#.##)#.....##....
#...####¤0#........####....
#...####¤¤#####¤00.# #....
##..¤¤¤¤¤¤@¤¤¤¤¤¤¤.####....
#.#####..#¤0¤#............ #.#
#..#¤¤¤#............
######.#####..#¤¤¤¤¤...........
#.............#¤0¤¤###.#####+##
###.##.######.#¤¤¤¤# #.# #.#
#.##.######.#¤¤¤¤#########.##
#.##%.......#0¤¤¤¤...........
#.###########....#########.#.


There were no monsters in sight!

Vanquished Creatures
  A dart slug (D:1)
  3 bats (D:1)
  3 giant cockroaches (D:1)
  A goblin (D:1)
  4 hobgoblins (D:1)
  A quokka (D:1)
  A ball python (D:1)
  2 frilled lizards (D:1)
  3 kobolds (D:1)
  2 rats (D:1)
21 creatures vanquished.

Notes
Turn   | Place    | Note
-------+----------+-------------------------------------------
     0 | D:1      | qw the Tengu Warper began the quest for the Orb.
     0 | D:1      | Reached XP level 1. HP: 12/12 MP: 4/4
     0 | D:1      | 0 ||| qw: Version: 0.1-a-89-g26bdef1
     0 | D:1      | 0 ||| qw: Game counter: 2197
     0 | D:1      | 0 ||| qw: Always use a shield: true
     0 | D:1      | 0 ||| qw: God list: Okawaru
     0 | D:1      | 0 ||| qw: Allow faded altars: false
     0 | D:1      | 0 ||| qw: Do Orc after D:15 true
     0 | D:1      | 0 ||| qw: Do second Lair branch before Depths: true
     0 | D:1      | 0 ||| qw: Lair rune preference: random
     0 | D:1      | 0 ||| qw: Plans: Normal
     0 | D:1      | 0 ||| PLANNING D:1-11
    29 | D:1      | 29 ||| Stepping ~*~*~tactically~*~*~ (stealth).
   126 | D:1      | 126 ||| Stepping ~*~*~tactically~*~*~ (stealth).
   128 | D:1      | 128 ||| Stepping ~*~*~tactically~*~*~ (stealth).
   132 | D:1      | 132 ||| Stepping ~*~*~tactically~*~*~ (stealth).
   133 | D:1      | 133 ||| Stepping ~*~*~tactically~*~*~ (stealth).
   139 | D:1      | Reached XP level 2. HP: 17/17 MP: 6/6
   193 | D:1      | Reached skill level 3 in Axes
  1056 | D:1      | Found Urhadghaa's Antique Weapon Boutique.
  1065 | D:1      | 1065 ||| SHOPLISTING runed war axe (104 gold, have 41).
  1144 | D:1      | Reached XP level 3. HP: 21/21 MP: 7/7
  1296 | D:1      | 1296 ||| UPGRADING to +0 ring mail.
  1306 | D:1      | 1306 ||| DROPPING +0 leather armour.
  1307 | D:1      | 1307 ||| READING scroll labelled JAIVVIABLE.
  1308 | D:1      | 1308 ||| READING scroll labelled DUISUSHIUGH.
  1309 | D:1      | 1309 ||| DROPPING scroll of blinking.
  1310 | D:1      | 1310 ||| Stepping randomly (stuck).
  1311 | D:1      | 1311 ||| Stepping ~*~*~tactically~*~*~ (cloud).
  1311 | D:1      | HP: 3/21 [poisoned by you (poison gas)]
  1312 | D:1      | Succumbed to their own poison gas

Levels and vault maps discovered:
D:1:      shiori_arrival_elements, layout_basic, serial_shops,
          nicolae_shop_overgrown_old_shop, nrook_campfire

Skill      XL: |  1  2 |
---------------+-------+-----
Axes           | 3 |  3.7
Fighting       | |  2.0
Throwing       | |  1.0
Armour         | |  1.1
Dodging        | |  2.1
Spellcasting   | |  2.0
Translocations | |  2.4

Action                   || total
-------------------------++-------
Melee: Hand axe          ||    49
       Kick              ||    10
       Peck              ||    10
Throw: Boomerang         ||     7
  Use: Scroll            ||     2
Armor: Leather armour    ||    18
Dodge: Dodged            ||    31

Table legend:
 A = Non-vault XP
 B = Vault XP
 C = Vault XP percentage of total XP
 D = Non-vault monster count
 E = Vault monster count
 F = Vault count percentage of total count
                 A         B        C        D         E       F
            +---------+---------+-------+---------+---------+-------
      Total |      35 |       0 |   0.0 |      21 |       0 |   0.0
            +---------+---------+-------+---------+---------+-------
        D:1 |      35 |       0 |   0.0 |      21 |       0 |   0.0
            +---------+---------+-------+---------+---------+-------
